 Dungeon Sprint DCSS version 0.19-a0-1182-g094b998 (webtiles) character file.

10 rageheart7 the Cudgeler (level 2, 0/35 HPs)
             Began as an Ogre Berserker on Aug 18, 2016.
             Was a Believer of Trog.
             Slain by a redback (14 damage)
             ... in the Dungeon (Sprint II: "The Violet Keep of Menkaure").
             The game lasted 00:00:28 (79 turns).

rageheart7 the Cudgeler (Ogre Berserker)              Turns: 79, Time: 00:00:29

Health: 0/35       AC:  3    Str: 21    XL:     2   Next: 20%
Magic:  2/2        EV: 11    Int:  6    God:    Trog [**....]
Gold:   243        SH:  0    Dex:  9    Spells: 0 memorised, 1 level left

rFire  . . .     SeeInvis .     a - +0 mace
rCold  . . .     Gourm    .     b - +0 animal skin
rNeg   . . .     Faith    .     (no shield)
rPois  .         Spirit   .     (helmet restricted)
rElec  .         Dismiss  .     (no cloak)
rCorr  .         Reflect  .     (gloves unavailable)
MR     ++...     Harm     .     (boots unavailable)
Stlth  +......... NoTele   +    (no amulet)
                                (no ring)
                                (no ring)

@: regenerating
A: unfitting armour, tough skin 1
a: Berserk, Trog's Hand, Burn Spellbooks, Renounce Religion


You were in the Dungeon.
You worshipped Trog.
Trog was pleased with you.
You were not hungry.

You visited 1 branch You collected 243 gold pieces.

Inventory:

Hand Weapons
 a - a +0 mace (weapon)
Armour
 b - a +0 animal skin (worn)
Scrolls
 i - a scroll of blinking
Potions
 d - a potion of curing
 e - a potion of heal wounds
 f - a potion of haste
 g - 2 potions of magic
 h - a potion of berserk rage
Comestibles
 c - a bread ration


   Skills:
 * Level 5.1 Fighting
 * Level 5.1 Maces & Flails
 - Level 3.5 Dodging


You had one spell level left.
You didn't know any spells.

Dungeon Overview and Level Annotations

Branches:
Dungeon (1/1)

Altars:
Cheibriados
Dithmenos
Elyvilon
Fedhas
Gozag
Kikubaaqudgha
Makhleb
Nemelex Xobeh
Sif Muna
Trog
Uskayaw
Beogh
Jiyva
Lugonu


Innate Abilities, Weirdness & Mutations

You are too large for most types of armour.
You have tough skin. (AC +1)


Message History

Found a roughly hewn altar of Beogh and a viscous altar of Jiyva.
Found two altars.
Found three altars.
You enter the shallow water.
Moving in this stuff is going to be slow.
Found three altars.
Found a sparkling altar of Nemelex Xobeh and a hide-covered altar of Uskayaw.
You found a net trap!
An arrow shoots out and hits you!
There is an arrow trap here.
You open the door. 2 redbacks come into view.
Found 81 gold pieces and 14 arrows.
You sock the redback!
The redback is moderately wounded.
The redback closely misses you. The redback bites you.
Your skin crawls.
You feel resistant to hostile enchantments.
You feel somewhat more hungry. The redback bites you! x2
You die...

.... ... .. .. .. #.
.#### +.### ...# #...#
##..#####s^# #+#
#.##..#$.s@.#
##.##.###..#.(#..#
+.<.'##.'..####..###
##.##...#....###...##▓▓▓
#+###.##......≈≈≈≈≈≈≈≈≈
###≈≈.....≈#+######
#≈≈≈≈≈≈≈†.≈#....._.
#≈≈§≈≈≈§≈.≈#...._._
#≈≈≈≈§≈§≈≈§§#..._._.


You could see 2 redbacks.

Vanquished Creatures
  3 worms (D)
3 creatures vanquished.

Vanquished Creatures (others)
  Menkaure (D)
  A crocodile (D)
2 creatures vanquished.

Grand Total: 5 creatures vanquished

Notes
Turn   | Place    | Note
-------+----------+-------------------------------------------
     0 | D        | rageheart7 the Ogre Berserker began the quest for the Orb.
     0 | D        | Reached XP level 1. HP: 24/24 MP: 1/1
     8 | D        | Reached XP level 2. HP: 33/33 MP: 2/2
    11 | D        | Reached ** piety under Trog
    11 | D        | Reached skill level 5 in Fighting
    11 | D        | Reached skill level 5 in Maces & Flails
    25 | D        | Killed Menkaure
    33 | D        | Killed a crocodile
    65 | D        | Found a snail-covered altar of Cheibriados.
    66 | D        | Found a shadowy altar of Dithmenos.
    67 | D        | Found a roughly hewn altar of Beogh.
    67 | D        | Found a viscous altar of Jiyva.
    68 | D        | Found a white marble altar of Elyvilon.
    68 | D        | Found an ancient bone altar of Kikubaaqudgha.
    69 | D        | Found a blossoming altar of Fedhas.
    69 | D        | Found a corrupted altar of Lugonu.
    69 | D        | Found a deep blue altar of Sif Muna.
    70 | D        | Found an opulent altar of Gozag.
    70 | D        | Found a burning altar of Makhleb.
    70 | D        | Found a bloodstained altar of Trog.
    71 | D        | Found a sparkling altar of Nemelex Xobeh.
    71 | D        | Found a hide-covered altar of Uskayaw.
    77 | D        | Noticed a redback
    77 | D        | Noticed a redback
    79 | D        | Slain by a redback

Vault maps used:
D:        the_violet_keep_of_menkaure

Skill      XL: |  1  2 |
---------------+-------+-----
Dodging        | 3 |  3.5
Fighting       | 5 |  5.1
Maces & Flails | 5 |  5.1

Action                   || total
-------------------------++-------
Melee: Mace              ||     9
Invok: Berserk           ||     1
       Trog's Hand       ||     1
Dodge: Dodged            ||     5
